 Dungeon Sprint DCSS version 0.30-a0-691-g754fce4c43 (webtiles) character file.

Game seed: 5952668200931594487

39 BigDaddyOpFi the Demonic Disaster (level 3, -1/30 HPs)
             Began as a Demonspawn Fighter on Jan 19, 2023.
             Was a Believer of Qazlal.
             Slain by Pikel
             ... wielding a +1 whip of flaming
              (9 damage)
             ... in the Dungeon (Sprint VII: "The Pits").
             The game lasted 00:00:57 (396 turns).

BigDaddyOpFi the Demonic Disaster (DsFi)             Turns: 396, Time: 00:00:57

Health: -1/30      AC: 14    Str: 18    XL:     3   Next: 26%
Magic:  6/6        EV:  6    Int:  9    God:    Qazlal [**....]
Gold:   0          SH:  7    Dex: 12    Spells: 2/2 levels left

rFire   . . .      SeeInvis .    a - +0 war axe
rCold   . . .      Faith    .    c - +0 buckler
rNeg    . . .      Spirit   .    l - +3 chain mail
rPois   .          Reflect  .    (no helmet)
rElec   .          Harm     .    (no cloak)
rCorr   .          Rampage  .    (no gloves)
Will    .....      NoTele   +    (no boots) Stlth
                                 (no amulet)
HPRegen 0.25/turn                (no ring)
MPRegen 0.10/turn                (no ring)

@: on berserk cooldown, slowed, very slow
A: hooves 1, thin metallic scales 1
a: Renounce Religion, Upheaval


You were in the Dungeon.
You worshipped Qazlal.
Qazlal was pleased with you.
You visited 1 branch

Inventory:

Hand Weapons
 a - a +0 war axe (weapon)
Armour
 c - a +0 buckler (worn)
 l - a +3 chain mail (worn)
Scrolls
 j - a scroll of blinking
Potions
 d - a potion of might
 e - 6 potions of curing
 f - 4 potions of heal wounds
 g - a potion of haste
 h - 4 potions of magic
 i - a potion of berserk rage
 k - 2 potions of invisibility


   Skills:
 + Level 4.0 Fighting
 + Level 3.0 Axes
 + Level 3.6 Armour
 + Level 3.7 Shields
 * Level 4.4 Invocations


You had 2 spell levels left.
You didn't know any spells.
Your spell library was empty.

Dungeon Overview and Level Annotations

Branches:
Dungeon (1/1)

Altars:
Ashenzari
Cheibriados
Dithmenos
Fedhas
Gozag
Hepliaklqana
Kikubaaqudgha
Makhleb
Nemelex Xobeh
Okawaru
Qazlal
Ru
Sif Muna
Trog
Uskayaw
Vehumet
Wu Jian
Xom
Yredelemnul
Jiyva
Lugonu

Annotations:
D Pikel, Prince Ribbit


Innate Abilities, Weirdness & Mutations

You have large cloven feet.
You are partially covered in thin metallic scales. (AC +2)


Message History

You barely miss the lemure. You kick the lemure.
The lemure is heavily wounded.
The lemure closely misses you.
You closely miss the lemure.
The lemure is heavily wounded.
The lemure hits you.
You barely miss the lemure. You kick the lemure.
The lemure is severely wounded.
You block the lemure's attack.
You closely miss the lemure. Your kick misses the lemure.
The lemure is severely wounded.
You block the lemure's attack.
You slash the lemure!
You kill the lemure!
That felt strangely unrewarding.
You slash the orc!
You kill the orc!
Qazlal accepts your kill.
Your Axes skill increases to level 3!
Pikel hits you with a +1 whip of flaming.
Pikel burns you.
An orc comes into view. It is wielding a +0 flail.
The orc priest calls down the wrath of Beogh upon you.
Beogh smites you!
Things that are here:
a +0 hand axe; a +0 ring mail The orc shouts!
You slash Pikel! Your kick misses Pikel.
Pikel is moderately wounded.
You are no longer berserk.
You are exhausted.
You feel yourself slow down. Pikel barely misses you.
The orc priest hits you but does no damage.
You closely miss Pikel. You kick Pikel.
Pikel is moderately wounded.
You block Pikel's attack.
The orc priest hits you from afar with a +0 trident.
* * * LOW HITPOINT WARNING * * *
Pikel hits you with a +1 whip of flaming!
You die...

#'#####÷#####.....
#.#[[#.....##.....
#.#))#####)#####'#
#.#))#.....##.....
#.#))#.....##.....
#.#..###'####.....
#.##'#.))†.##...<.
#.#........##.....
#@#........##.....
#K###########.....
#oo.o5..# ######


#Szz#oo.# #z5o# .# #.##5 #.. #. #.. .. #.. 5. You could see Pikel, a water
moccasin, a lemure, 3 wights, an orc priest, a quasit and 2 orcs.

Vanquished Creatures
  A lemure (D)
  A gnoll (D)
  An adder (D)
  A river rat (D)
  An orc (D)
  A ball python (D)
  An endoplasm (D)
  A hobgoblin (D)
  2 kobolds (D)
  A quokka (D)
11 creatures vanquished.

Notes
Turn   | Place    | Note
-------+----------+-------------------------------------------
     0 | D        | BigDaddyOpFi the Demonspawn Fighter began the quest for the
                  | Orb.
     0 | D        | Reached XP level 1. HP: 18/18 MP: 1/1
    16 | D        | Found a bloodstained altar of Trog.
    16 | D        | Found a shimmering blue altar of Sif Muna.
    16 | D        | Found a viscous altar of Jiyva.
    16 | D        | Found a hazy altar of Hepliaklqana.
    16 | D        | Found an opulent altar of Gozag.
    17 | D        | Found a basalt altar of Yredelemnul.
    17 | D        | Found a shimmering altar of Xom.
    17 | D        | Found an ornate altar of the Wu Jian Council.
    17 | D        | Found a sacrificial altar of Ru.
    17 | D        | Found a stormy altar of Qazlal.
    17 | D        | Found an iron altar of Okawaru.
    17 | D        | Found a sparkling altar of Nemelex Xobeh.
    17 | D        | Found a burning altar of Makhleb.
    17 | D        | Found a blossoming altar of Fedhas.
    17 | D        | Found a shadowy altar of Dithmenos.
    17 | D        | Found a snail-covered altar of Cheibriados.
    18 | D        | Found a radiant altar of Vehumet.
    18 | D        | Found a corrupted altar of Lugonu.
    19 | D        | Found a hide-covered altar of Uskayaw.
    19 | D        | Found an ancient bone altar of Kikubaaqudgha.
    19 | D        | Found a broken altar of Ashenzari.
    22 | D        | Became a worshipper of Qazlal Stormbringer
    49 | D        | Reached skill level 1 in Invocations
    54 | D        | Gained mutation: You have large cloven feet. [demonic
                  | ancestry]
    54 | D        | Reached XP level 2. HP: 16/24 MP: 2/4
   210 | D        | Reached * piety under Qazlal
   260 | D        | Reached ** piety under Qazlal
   263 | D        | Gained mutation: You are partially covered in thin metallic
                  | scales. (AC +2) [demonic ancestry]
   263 | D        | Reached XP level 3. HP: 20/30 MP: 4/6
   376 | D        | Noticed Pikel
   376 | D        | Noticed a lemure
   376 | D        | Noticed a lemure
   376 | D        | Noticed a lemure
   376 | D        | Noticed a wight
   376 | D        | Noticed a wight
   376 | D        | Noticed Prince Ribbit
   377 | D        | Noticed a lemure
   377 | D        | Noticed a water moccasin
   379 | D        | Noticed a wight
   392 | D        | Killed a lemure
   396 | D        | Slain by Pikel

Illustrated notes

Levels and vault maps discovered:
D:        pitsprint [storerooms_1, entrance_room_1, metal_vault_5, armoury_2,
          mini_pit_1, grid_room_1, main_hall_1, silver_pit, the_coven_1,
          the_vestibule_1, steel_vault_4, golden_pit, hallway_of_sentries,
          crystal_vault_2, iron_vault_2, final_vault]

Skill      XL: |  1  2  3 |
---------------+----------+-----
Axes           | 2 3 |  3.0
Invocations    | 2 4 |  4.4
Armour         | 3 |  3.6
Shields        | 3 |  3.7
Fighting       | 4 |  4.0

Action                   || total
-------------------------++-------
Melee: War axe           ||    36
       Kick              ||     8
  Use: Potion            ||     4
Armor: Scale mail        ||     7
       Chain mail        ||     3
Dodge: Dodged            ||    17
Block: Buckler           ||    14

Table legend: (Time is in decaauts)
 A = Elapsed time spent in this place.
 B = Non-inter-level travel time spent in this place.
 C = Inter-level travel time spent in this place.
 D = Time resting spent in this place.
 E = Time spent auto-exploring this place.
 F = Levels seen in this place.
 G = Mean time per level.
                   A        B        C        D        E       F      G
               +--------+--------+--------+--------+--------+-----+--------+
         Total |    415 |    396 |     19 |    242 |      0 |   1 |  415.0 |
       Dungeon |    415 |    396 |     19 |    242 |      0 |   1 |  415.0 |
               +--------+--------+--------+--------+--------+-----+--------+

Top non-repeatable levels by time:
       D: 415 daAuts
